 Dungeon Crawl Stone Soup version 0.17.1-3-g152610e (webtiles) character file.

904 kaze the Ducker (level 7, -1/105 HPs)
             Began as a Troll Berserker on Mar 1, 2016.
             Was an Elder of Trog.
             Succumbed to a water moccasin's poison
             ... on level 5 of the Dungeon.
             The game lasted 00:09:22 (3493 turns).

kaze the Ducker (Troll Berserker)                   Turns: 3493, Time: 00:09:22

Health: -1/105     AC:  5    Str: 33    XL:     7   Next: 80%
Magic:  6/6        EV: 11    Int:  6    God:    Trog [****..]
Gold:   168        SH:  0    Dex:  9    Spells: 0 memorised, 6 levels left

rFire  . . .     SeeInvis .     t - +2 flail (holy)
rCold  . . .     Clarity  .     a - +0 animal skin
rNeg   . . .     SustAt   .     (no shield)
rPois  .         Gourm    +     (helmet restricted)
rElec  .         Spirit   .     (no cloak)
rCorr  .         Warding  .     (gloves unavailable)
rMut   .         Stasis   .     (boots unavailable)
MR     .....                    (no amulet)
Stlth  ..........               (no ring)
                                j - +3 ring of intelligence

@: berserking, lethally poisoned (-1 -> -49), very quick, not resistant to
hostile enchantments, extremely unstealthy
A: unfitting armour, claws 3, fast metabolism 3, gourmand, regeneration 2,
shaggy fur 1, tough skin 2
a: Berserk, Trog's Hand, Brothers in Arms, Burn Spellbooks, Renounce Religion


You were on level 5 of the Dungeon.
You worshipped Trog.
Trog was greatly pleased with you.
You were very full.

You visited 1 branch of the dungeon, and saw 5 of its levels.

You collected 168 gold pieces.

Inventory:

Hand Weapons
 t - a +2 flail of holy wrath (weapon)
Missiles
 o - 4 tomahawks
 x - 3 large rocks
 y - a throwing net (quivered)
 B - 12 poisoned needles
 C - 9 sling bullets
Armour
 a - a +0 animal skin (worn)
Jewellery
 j - a +3 ring of intelligence (left claw)
 A - an uncursed ring of positive energy {unknown}
Wands
 p - a wand of magic darts (24)
 v - a wand of slowing (4)
Scrolls
 e - 4 scrolls of remove curse {unknown}
 f - 2 scrolls of amnesia {unknown}
 l - 7 scrolls of identify {unknown}
 m - a scroll of enchant armour {unknown}
 q - a scroll of immolation {unknown}
 r - a scroll of random uselessness {unknown}
 w - a scroll of fear {unknown}
 z - 2 scrolls of magic mapping {unknown}
Potions
 c - a potion of cure mutation {unknown}
 d - a potion of might {unknown}
 g - 2 potions of degeneration {unknown}
 i - a potion of heal wounds {unknown}
 k - a potion of curing {unknown}
 n - 3 potions of mutation {unknown}
 s - a potion of resistance {unknown}
Comestibles
 b - 4 bread rations
 h - 2 meat rations
 u - 9 fruits


   Skills:
 + Level 4.1 Fighting
 + Level 3.0 Maces & Flails
 + Level 0.3 Throwing
 + Level 5.5 Dodging
 - Level 0.4 Stealth
 + Level 4.5 Unarmed Combat


You had 6 spell levels left.
You didn't know any spells.

Dungeon Overview and Level Annotations

Branches:
Dungeon (5/15)
 Temple: D:4-7

Altars:
Cheibriados
Ru
Sif Muna
Yredelemnul


Innate Abilities, Weirdness & Mutations

You are too large for most types of armour.
You have claws for hands.
Your metabolism is lightning-fast.
You like to eat raw meat.
You heal very quickly.
You are covered in fur (AC +1).
You have very tough skin (AC +2).


Message History

You feel very sick.
The water moccasin completely misses you.
Unknown command.
You miss the water moccasin.
The water moccasin is almost dead.
* * * LOW HITPOINT WARNING * * *
You feel very sick.
The water moccasin bites you but does no damage.
Unknown command.
You barely miss the water moccasin.
The water moccasin is almost dead.
* * * LOW HITPOINT WARNING * * *
You feel very sick. The water moccasin bites you.
* * * LOW HITPOINT WARNING * * *
You are more poisoned.
The water moccasin poisons you!
You barely miss the water moccasin.
The water moccasin is severely wounded.
You die...

#..# #..# ##>#
#.# #.# #.# #.#
...###.#######.#
#........@S.....#
#.........##.....
###$###++## ### #


You could see a water moccasin.

Vanquished Creatures
  A phantom (D:4)
  2 ogres (D:4)
  4 orc priests
  6 orc wizards
  2 hounds
  A worker ant (D:5)
  2 hound zombies (D:5)
  2 gnolls (D:3)
  11 adders
  2 oozes
  A worm (D:5)
  7 giant geckos
  20 orcs
  13 bats
  2 giant cockroaches
  10 hobgoblins
  2 jackals (D:4)
  10 kobolds
  A giant gecko skeleton (D:5)
  2 giant newts
  9 goblins
  11 rats
121 creatures vanquished.

Notes
Turn   | Place    | Note
--------------------------------------------------------------
     0 | D:1      | kaze the Troll Berserker began the quest for the Orb.
     0 | D:1      | Reached XP level 1. HP: 22/22 MP: 0/0
    90 | D:1      | Reached XP level 2. HP: 29/29 MP: 1/1
   506 | D:1      | Reached ** piety under Trog
   506 | D:1      | Reached XP level 3. HP: 36/36 MP: 2/2
   921 | D:2      | Found a basalt altar of Yredelemnul.
  1090 | D:2      | Reached XP level 4. HP: 44/44 MP: 3/3
  1246 | D:2      | Found a faded altar to an unknown god.
  1524 | D:3      | Reached skill level 4 in Unarmed Combat
  1533 | D:3      | Reached XP level 5. HP: 45/53 MP: 4/4
  1536 | D:3      | Reached *** piety under Trog
  1977 | D:3      | Found a snail-covered altar of Cheibriados.
  2245 | D:4      | Noticed an ogre
  2251 | D:4      | Killed an ogre
  2251 | D:4      | Reached skill level 1 in Maces & Flails
  2251 | D:4      | Reached XP level 6. HP: 61/61 MP: 5/5
  2339 | D:4      | Noticed a phantom
  2345 | D:4      | Killed a phantom
  2466 | D:4      | Reached **** piety under Trog
  2567 | D:4      | Found a deep blue altar of Sif Muna.
  2615 | D:4      | Reached XP level 7. HP: 60/68 MP: 6/6
  2854 | D:4      | Noticed an ogre
  2861 | D:4      | Killed an ogre
  2861 | D:4      | Reached skill level 5 in Dodging
  3121 | D:5      | Entered Level 5 of the Dungeon
  3187 | D:5      | Found a sacrificial altar of Ru.
  3492 | D:5      | HP: 3/105 [water moccasin (5)]
  3493 | D:5      | Succumbed to a water moccasin's poison

Action                   |  1- 3 |  4- 6 |  7- 9 || total
-------------------------+-------+-------+-------++-------
Melee: Unarmed           |    85 |    35 |       ||   120
       Flail             |       |    78 |   128 ||   206
Throw: Tomahawk          |       |     5 |       ||     5
       Large rock        |       |     2 |       ||     2
       Throwing net      |       |     1 |       ||     1
Invok: Berserk           |       |     2 |     3 ||     5
       Trog's Hand       |       |     1 |       ||     1
 Stab: Sleeping          |     1 |     2 |       ||     3
  Eat: Chunk             |     8 |    11 |    19 ||    38
       Bread ration      |       |     1 |       ||     1
